[Event "48th Indian U15-ch Girls 2023"]
[Site "Jalgaon"]
[Date "2024.01.02"]
[Round "9.3"]
[White "Aamuktha Guntaka"]
[Black "Sachi Jain"]
[Result "1/2-1/2"]
[ECO "C41"]
[WhiteElo "1532"]
[BlackElo "1844"]
[Annotator "NA RC"]
[PlyCount "93"]
[EventDate "2023.12.30"]
[EventType "swiss"]
[EventCountry "IND"]
[SourceTitle "playchess.com"]
[Source "ChessBase"]
[SourceQuality "1"]
[TimeControl "5400+30"]

1. e4 e5 2. Nf3 d6 3. d4 Nd7 4. Nc3 c6 5. Be3 Be7 6. Be2 Ngf6 7. h3 Qc7 8. a4 h6 9. Qd2 Nf8 10. Bc4 Bd7 11. Qe2 g5 12. Nd2 Ng6 13. g3 Qc8 14. Qf1 Nh7 15. dxe5 dxe5 16. O-O-O Qc7 17. Nb3 Nhf8 18. Nc5 Bxc5 19. Bxc5 Ne6 20. Bd6 Qb6 21. Bxe6 Bxe6 22. Ba3 Rd8 23. Qg2 Rd7 24. Qf3 Kd8 (24... Rg8 $16 {was worth a try.}) 25. Qf6+ Kc8 26. Rxd7 Kxd7 27. Rd1+ Kc8 28. Bd6 Re8 29. Rd2 Rd8 30. b3 Rd7 31. Nd1 Qd8 32. Qxd8+ Kxd8 33. g4 f6 34. f3 Ke8 (34... Nh4 $1 $15) 35. Bc5 $11 b6 36. Be3 Nh4 37. Rf2 c5 38. c4 Bf7 39. Kc2 Bg6 40. Nc3 Kf7 41. Rf1 Ng2 42. Bc1 Nh4 43. Be3 Ke6 44. Bd2 h5 45. Be1 Ng2 46. Bd2 Rh7 47. Rf2 1/2-1/2

[Event "48th Indian U15-ch Girls 2023"]
[Site "Jalgaon"]
[Date "2024.01.02"]
[Round "9.4"]
[White "Akshaya Sathi"]
[Black "Saparya Ghosh"]
[Result "1-0"]
[ECO "B33"]
[WhiteElo "1542"]
[BlackElo "1662"]
[Annotator "NA RC"]
[PlyCount "129"]
[EventDate "2023.12.30"]
[EventType "swiss"]
[EventCountry "IND"]
[SourceTitle "playchess.com"]
[Source "ChessBase"]
[SourceQuality "1"]
[TimeControl "5400+30"]

1. e4 c5 2. Nf3 Nc6 3. d4 cxd4 4. Nxd4 Nf6 5. Nc3 e5 6. Ndb5 d6 7. Bg5 a6 8. Na3 b5 9. Nd5 Be7 10. Bxf6 Bxf6 11. c3 Rb8 12. Nc2 Bg5 13. a4 bxa4 14. Ncb4 Nxb4 15. cxb4 Bd7 16. Bxa6 O-O 17. O-O Bc6 18. Rxa4 Bxa4 19. Qxa4 Ra8 20. Qc6 Qb8 21. b5 Ra7 22. Rd1 f5 23. Nc3 Raf7 24. b6 Kh8 25. Qxd6 fxe4 26. Qxb8 Rxb8 27. Nxe4 Bf6 28. Rc1 h6 29. b7 Rfxb7 30. Bxb7 Rxb7 31. Nxf6 gxf6 32. Rb1 Rb3 33. Kf1 Kg7 34. Ke2 Kg6 35. Kd2 Kf5 36. Kc2 Rb4 37. Kc3 Rf4 38. f3 Rh4 39. h3 Ke6 40. Rd1 Ra4 41. b4 h5 42. b5 Ra3+ 43. Kc4 Ra2 44. g4 hxg4 45. hxg4 Rb2 46. Kc5 Rc2+ 47. Kb6 Rc3 48. Rf1 f5 49. gxf5+ Kxf5 50. Kb7 Kf4 51. b6 Ke3 52. Re1+ Kd4 53. Rf1 Ke3 54. Rh1 Rc5 55. Ka6 Rc2 56. Rb1 Ra2+ 57. Kb5 Ra8 58. b7 Rf8 59. Rb3+ Kd4 60. Ka6 Rf6+ 61. Ka5 Rf8 62. b8=Q Rxb8 63. Rxb8 Ke3 64. Rb3+ Kf4 65. Kb5 1-0

[Event "48th Indian U15-ch Girls 2023"]
[Site "Jalgaon"]
[Date "2024.01.02"]
[Round "9.5"]
[White "Sneha Halder"]
[Black "Drishtee Ghosh"]
[Result "1-0"]
[ECO "D05"]
[WhiteElo "1766"]
[BlackElo "1605"]
[Annotator "NA RC"]
[PlyCount "59"]
[EventDate "2023.12.30"]
[EventType "swiss"]
[EventCountry "IND"]
[SourceTitle "playchess.com"]
[Source "ChessBase"]
[SourceQuality "1"]
[TimeControl "5400+30"]

1. d4 Nf6 2. Nf3 d5 3. e3 e6 4. Bd3 Bd6 5. b3 O-O 6. Bb2 b6 7. Nbd2 Bb7 8. Ne5 c5 9. f4 Ne4 10. Bxe4 dxe4 11. Qg4 f5 12. Qg3 Bxe5 13. dxe5 b5 14. O-O-O Qc7 15. Qg5 Nc6 16. g4 Ne7 17. Nf1 a5 18. Ng3 c4 19. bxc4 Rac8 20. Rhg1 Qxc4 21. Rd2 Rc7 22. Rdg2 Nd5 23. Nxf5 exf5 24. gxf5 Nxe3 25. Qxg7+ Rxg7 26. Rxg7+ Kh8 27. Rc7 Nd5 28. e6+ Nf6 29. Rxc4 bxc4 30. e7 1-0

[Event "48th Indian U15-ch Girls 2023"]
[Site "Jalgaon"]
[Date "2024.01.02"]
[Round "9.6"]
[White "Dhakshniga T"]
[Black "Anupam M Sreekumar"]
[Result "0-1"]
[ECO "B22"]
[WhiteElo "1416"]
[BlackElo "1642"]
[Annotator "NA RC"]
[PlyCount "74"]
[EventDate "2023.12.30"]
[EventType "swiss"]
[EventCountry "IND"]
[SourceTitle "playchess.com"]
[Source "ChessBase"]
[SourceQuality "1"]
[TimeControl "5400+30"]

1. e4 c5 2. c3 d5 3. exd5 Qxd5 4. d4 Nf6 5. Nf3 e6 6. Be2 Nc6 7. O-O cxd4 8. cxd4 Be7 9. Bf4 O-O 10. Nc3 Qd8 11. Rc1 b6 12. Bb5 Bb7 13. a3 Rc8 14. Qa4 a6 15. Be2 Nd5 16. Bg3 b5 17. Qd1 Nxc3 18. Rxc3 Qd5 19. Qd3 Rfd8 20. Rd1 Na5 21. Bc7 Nc4 22. Bxd8 Nxb2 23. Qd2 Rxc3 24. Qxb2 Rb3 25. Qc2 Bxd8 26. Ra1 Ba5 27. a4 Rc3 28. Qb2 Qe4 29. Bf1 Rxf3 30. Rc1 b4 31. Rc5 Rf5 32. Rxf5 Qxf5 33. Qc1 Qd5 34. Qd2 b3 35. Qb2 Bb6 36. Qc3 Bxd4 37. Qc7 g6 0-1

[Event "48th Indian U15-ch Girls 2023"]
[Site "Jalgaon"]
[Date "2024.01.02"]
[Round "9.7"]
[White "Nivedita V C"]
[Black "Asmita Avijit Ray"]
[Result "1-0"]
[ECO "D10"]
[WhiteElo "1638"]
[BlackElo "1470"]
[Annotator "NA RC"]
[PlyCount "149"]
[EventDate "2023.12.30"]
[EventType "swiss"]
[EventCountry "IND"]
[SourceTitle "playchess.com"]
[Source "ChessBase"]
[SourceQuality "1"]
[TimeControl "5400+30"]

1. d4 d5 2. c4 c6 3. Nc3 Nf6 4. cxd5 cxd5 5. Bf4 Nc6 6. e3 a6 7. Bd3 Bg4 8. f3 Bc8 9. g4 e6 10. Nge2 Bd6 11. O-O h6 12. Qe1 Qc7 13. Qg3 Bxf4 14. Nxf4 Qb6 15. Rf2 Qc7 16. Rg2 Bd7 17. Rc1 Rc8 18. g5 hxg5 19. Qxg5 Rg8 20. Nh5 Nxh5 21. Qxh5 Kf8 22. Kh1 Be8 23. Rcg1 f5 24. Qh7 g6 25. Qh4 Qe7 26. Qh6+ Qg7 27. Qf4 Qc7 28. Qh6+ Qg7 29. Qg5 Qe7 30. Qg3 Qc7 31. Qh4 Qg7 32. Nxd5 exd5 33. Bxf5 Rd8 34. Qf4 Qf6 35. Qh6+ Ke7 36. Qf4 Bd7 37. Rxg6 Rxg6 38. Rxg6 Qxf5 39. Qh4+ Ke8 40. Qh8+ Ke7 41. Qh7+ Qf7 42. Rg7 Rf8 43. f4 Ke8 44. Rxf7 Rxf7 45. Qg8+ Ke7 46. h4 Bf5 47. Kg2 Nd8 48. h5 Ne6 49. h6 Be4+ 50. Kf2 Rh7 51. Qc8 Kf6 52. Qb8 Kg6 53. Qe5 Re7 54. h7 Kxh7 55. f5 Rf7 56. Qxe6 Rxf5+ 57. Kg3 Kg7 58. Kg4 Rf7 59. Kg5 Kf8 60. Qd6+ Ke8 61. Qb8+ Ke7 62. Qxb7+ Kf8 63. Qxa6 Rf5+ 64. Kg4 Rf2 65. Qh6+ Kf7 66. Qh5+ Kg7 67. Qe5+ Kf7 68. Qc7+ Kg6 69. Qc6+ Kg7 70. b4 Rg2+ 71. Kf4 Rf2+ 72. Ke5 Rxa2 73. b5 Re2 74. Qc7+ Kf8 75. Ke6 1-0

[Event "48th Indian U15-ch Girls 2023"]
[Site "Jalgaon"]
[Date "2024.01.02"]
[Round "9.8"]
[White "Krishika Garg"]
[Black "Arshiya Das"]
[Result "0-1"]
[ECO "B52"]
[WhiteElo "1529"]
[BlackElo "1729"]
[Annotator "NA RC"]
[PlyCount "110"]
[EventDate "2023.12.30"]
[EventType "swiss"]
[EventCountry "IND"]
[SourceTitle "playchess.com"]
[Source "ChessBase"]
[SourceQuality "1"]
[TimeControl "5400+30"]

1. e4 c5 2. Nf3 d6 3. Bb5+ Bd7 4. c4 a6 5. Bxd7+ Nxd7 6. Nc3 Ngf6 7. d4 cxd4 8. Nxd4 g6 9. O-O Bg7 10. b3 O-O 11. Bb2 Ne5 12. Qe2 Rc8 13. Rfd1 Qa5 14. Rac1 Rfe8 15. Rc2 Nfd7 16. Nd5 Nb8 17. b4 Qd8 18. c5 Ned7 19. cxd6 exd6 20. Rxc8 Qxc8 21. Rc1 Qd8 22. f3 Nb6 23. Qf2 Nxd5 24. exd5 Qb6 25. Bc3 Nd7 26. a4 Ne5 27. a5 Qa7 28. Rd1 Rc8 29. Ne2 Qb8 30. Bxe5 Bxe5 31. f4 Bg7 32. Rc1 Rxc1+ 33. Nxc1 Qc7 34. Qe1 Bc3 35. Qe8+ Kg7 36. Ne2 Bxb4 37. h3 Qc5+ 38. Kh2 Qxd5 39. Ng3 Bxa5 40. Qe7 Bd2 41. f5 Qe5 42. f6+ Qxf6 43. Qxf6+ Kxf6 44. Ne4+ Ke5 45. Nxd2 b5 46. Nb3 Kd5 47. Kg3 Kc4 48. Na5+ Kc3 49. Nb7 b4 50. Nxd6 b3 51. Ne4+ Kc2 52. Nd6 b2 53. Nc4 b1=Q 54. Na3+ Kb2 55. Nxb1 Kxb1 0-1

[Event "48th Indian U15-ch Girls 2023"]
[Site "Jalgaon"]
[Date "2024.01.02"]
[Round "9.9"]
[White "Kirthika B"]
[Black "Arya G Mallar"]
[Result "0-1"]
[ECO "C02"]
[WhiteElo "1605"]
[BlackElo "1460"]
[Annotator "NA RC"]
[PlyCount "120"]
[EventDate "2023.12.30"]
[EventType "swiss"]
[EventCountry "IND"]
[SourceTitle "playchess.com"]
[Source "ChessBase"]
[SourceQuality "1"]
[TimeControl "5400+30"]

1. e4 c6 2. d4 d5 3. f3 e6 4. e5 c5 5. c3 Nc6 6. f4 Qb6 7. Nf3 Bd7 8. Be2 Nh6 9. dxc5 Bxc5 10. Qb3 Bf2+ 11. Kf1 Qc5 12. Qb5 Nf5 13. Na3 a6 14. Qxc5 Bxc5 15. Nc2 h5 16. b4 Ba7 17. a4 O-O 18. Bd3 Nce7 19. Bd2 Rfc8 20. Ke2 Rc7 21. Rhc1 Rac8 22. Rcb1 Bb6 23. a5 Ba7 24. Na3 Rxc3 25. Bxc3 Rxc3 26. Nc2 Bb5 27. Bxb5 Rxc2+ 28. Kd3 Rxg2 29. Ba4 Ng6 30. Kc3 Nxf4 31. b5 axb5 32. Rxb5 Rf2 33. Bd1 Rxf3+ 34. Bxf3 Bd4+ 35. Kd2 Bxa1 36. Rxb7 Bxe5 37. a6 Bd4 38. Rb4 Be3+ 39. Kd1 g5 40. Rb3 Bg1 41. Rb2 Nd6 42. Be2 Kg7 43. Ke1 Nc8 44. Rb8 Na7 45. Rb7 e5 46. Bf1 e4 47. Rd7 g4 48. Be2 Kg6 49. Kf1 Be3 50. Rd6+ Kg5 51. Rd7 f6 52. Rf7 Bd4 53. Rd7 Be3 54. Rf7 h4 55. Rg7+ Ng6 56. Rd7 g3 57. Rxd5+ f5 58. hxg3 hxg3 59. Rd7 Nh4 60. Rg7+ Kf4 0-1

[Event "48th Indian U15-ch Girls 2023"]
[Site "Jalgaon"]
[Date "2024.01.03"]
[Round "10.1"]
[White "Akshaya Sathi"]
[Black "Mrittika Mallick"]
[Result "0-1"]
[ECO "B87"]
[WhiteElo "1542"]
[BlackElo "1970"]
[Annotator "RC"]
[PlyCount "104"]
[EventDate "2023.12.30"]
[EventType "swiss"]
[EventCountry "IND"]
[SourceTitle "playchess.com"]
[Source "ChessBase"]
[SourceQuality "1"]
[TimeControl "5400+30"]

1. e4 c5 2. Nf3 d6 3. d4 cxd4 4. Nxd4 Nf6 5. Nc3 a6 6. Bc4 e6 7. Bb3 Nbd7 8. Bg5 Nc5 9. Qf3 Be7 10. O-O-O Qc7 11. Rhe1 O-O 12. Qg3 b5 13. Bh6 Ne8 14. Kb1 Bb7 15. f3 Qd8 16. Qg4 Kh8 17. Be3 b4 18. Na4 Qa5 19. Nxc5 dxc5 20. Ne2 Nf6 21. Qg3 Rfc8 22. Bc4 Bc6 23. Nf4 Bb5 24. Be2 Bxe2 25. Rxe2 c4 26. e5 Ne8 27. Rd7 Rc7 28. Rxc7 Qxc7 29. Rd2 Rb8 30. Bd4 a5 31. Ne2 a4 32. f4 b3 33. a3 bxc2+ 34. Rxc2 Rb3 35. Rc3 Bxa3 36. Rxb3 cxb3 37. Qc3 Qb7 38. bxa3 Qe4+ 39. Kc1 Qxe2 40. Qd2 Qc4+ 41. Kb2 Nc7 42. g3 Nd5 43. Bf2 h5 44. h3 h4 45. Be1 Qe4 46. g4 Nxf4 47. Bxh4 Nd3+ 48. Kc3 b2 49. Qd1 Qc6+ 50. Kxd3 Qd5+ 51. Kc2 Qxd1+ 52. Kxd1 b1=Q+ 0-1

[Event "48th Indian U15-ch Girls 2023"]
[Site "Jalgaon"]
[Date "2024.01.03"]
[Round "10.2"]
[White "Sachi Jain"]
[Black "Shubhi Gupta"]
[Result "1-0"]
[ECO "C55"]
[WhiteElo "1844"]
[BlackElo "1902"]
[Annotator "RC"]
[PlyCount "67"]
[EventDate "2023.12.30"]
[EventType "swiss"]
[EventCountry "IND"]
[SourceTitle "playchess.com"]
[Source "ChessBase"]
[SourceQuality "1"]
[TimeControl "5400+30"]

1. e4 e5 2. Nf3 Nc6 3. Bc4 Nf6 4. d3 h6 5. a4 a5 6. c3 d6 7. Nbd2 g6 8. Nf1 Bg7 9. h3 O-O 10. Bb3 d5 11. Qe2 Be6 12. Bc2 Nd7 13. g4 Nb6 14. Ng3 dxe4 15. dxe4 Bc4 16. Qe3 Qd7 17. b3 Ba6 18. Bd2 Rfd8 19. O-O-O Qe7 20. Kb1 Nd7 21. c4 Nb6 22. h4 Nd4 23. Bc3 Qc5 24. Ne2 Bxc4 25. Nexd4 exd4 26. Bxd4 Qb4 27. Bc5 Qc3 28. Qxc3 Bxc3 29. bxc4 Nxc4 30. Bb3 Nd2+ 31. Nxd2 Bxd2 32. Kc2 Bf4 33. Rxd8+ Rxd8 34. Rd1 1-0

[Event "48th Indian U15-ch Girls 2023"]
[Site "Jalgaon"]
[Date "2024.01.03"]
[Round "10.3"]
[White "Bhat Sannidhi Ramakrishna"]
[Black "Sneha Halder"]
[Result "0-1"]
[ECO "A44"]
[WhiteElo "1637"]
[BlackElo "1766"]
[Annotator "NA RC"]
[PlyCount "78"]
[EventDate "2023.12.30"]
[EventType "swiss"]
[EventCountry "IND"]
[SourceTitle "playchess.com"]
[Source "ChessBase"]
[SourceQuality "1"]
[TimeControl "5400+30"]

1. d4 c5 2. d5 e5 3. e4 d6 4. Nc3 Ne7 5. Nf3 g6 6. Nd2 Bd7 7. Nc4 Nc8 8. a4 Nb6 9. Ne3 a5 10. h4 h5 11. Nb5 Na6 12. Nc4 Nxc4 13. Bxc4 Be7 14. O-O Nc7 15. Nxc7+ Qxc7 16. f4 f5 17. Ra3 O-O-O 18. fxe5 dxe5 19. Bg5 Bxg5 20. d6 Qc6 21. Bd5 Qxd6 22. hxg5 Bc6 23. Rd3 c4 24. Rd2 fxe4 25. Bxc6 Qxd2 26. Qxd2 Rxd2 27. Bxe4 Rd4 28. Bxg6 Rg8 29. Bf5+ Kc7 30. Re1 Rxg5 31. Rxe5 Rd7 32. Rc5+ Kd6 33. Rb5 Rf7 34. Be4 Rxb5 35. axb5 Re7 36. Bf3 Re5 37. b3 Rxb5 38. bxc4 Rc5 39. Bxb7 a4 0-1

[Event "48th Indian U15-ch Girls 2023"]
[Site "Jalgaon"]
[Date "2024.01.03"]
[Round "10.4"]
[White "Anupam M Sreekumar"]
[Black "Sherali Pattnaik"]
[Result "0-1"]
[ECO "C04"]
[WhiteElo "1642"]
[BlackElo "1575"]
[Annotator "NA RC"]
[PlyCount "108"]
[EventDate "2023.12.30"]
[EventType "swiss"]
[EventCountry "IND"]
[SourceTitle "playchess.com"]
[Source "ChessBase"]
[SourceQuality "1"]
[TimeControl "5400+30"]

1. e4 e6 2. d4 d5 3. Nd2 Nc6 4. c3 Nf6 5. e5 Nd7 6. f4 g6 7. Ndf3 Bg7 8. Bd3 Ne7 9. Ne2 Nf5 10. g4 Ne7 11. Ng3 c5 12. f5 f6 13. exf6 Nxf6 14. g5 exf5 15. gxf6 Bxf6 16. Bb5+ Bd7 17. Qe2 cxd4 18. Qe6 Rf8 19. Bh6 Rf7 20. Nxf5 Bxb5 21. Nd6+ Qxd6 22. Qxd6 dxc3 23. Qb4 a6 24. bxc3 Rc8 25. Rc1 Nf5 26. Bf4 Re7+ 27. Kd2 Rc4 28. Qxe7+ Bxe7 29. Be5 Bc5 30. Rhe1 Re4 31. Bd4 Bd6 32. Rxe4+ dxe4 33. Ne5 e3+ 34. Kc2 Nxd4+ 35. cxd4 Bxe5 36. dxe5 Bc4 37. Kc3 b5 38. a3 Ke7 39. Kd4 e2 40. Re1 Ke6 41. Rc1 g5 42. Rg1 h5 43. Re1 g4 44. Ke4 h4 45. Kf4 g3 46. hxg3 hxg3 47. Ke4 g2 48. Kf4 a5 49. Ke4 b4 50. axb4 axb4 51. Kd4 Bb3 52. Kd3 Bd1 53. Kd4 b3 54. Kc3 Kxe5 0-1

[Event "48th Indian U15-ch Girls 2023"]
[Site "Jalgaon"]
[Date "2024.01.03"]
[Round "10.5"]
[White "Aamuktha Guntaka"]
[Black "Nivedita V C"]
[Result "1/2-1/2"]
[ECO "C53"]
[WhiteElo "1532"]
[BlackElo "1638"]
[Annotator "NA RC"]
[PlyCount "119"]
[EventDate "2023.12.30"]
[EventType "swiss"]
[EventCountry "IND"]
[SourceTitle "playchess.com"]
[Source "ChessBase"]
[SourceQuality "1"]
[TimeControl "5400+30"]

1. e4 e5 2. Nf3 Nc6 3. Bc4 Bc5 4. c3 Qe7 5. d4 Bb6 6. Bg5 Nf6 7. d5 Nb8 8. Bd3 d6 9. Nbd2 h6 10. Bxf6 Qxf6 11. Nc4 Nd7 12. b4 O-O 13. O-O Re8 14. Nfd2 a6 15. Nxb6 Nxb6 16. c4 Nd7 17. Rc1 Nf8 18. c5 Ng6 19. Re1 Nf4 20. Bf1 a5 21. a3 axb4 22. axb4 Ra2 23. Rc2 Qg6 24. g3 Rxc2 25. Qxc2 Nh3+ 26. Bxh3 Bxh3 27. Qa4 Rf8 28. Nc4 f5 29. cxd6 fxe4 30. dxc7 b5 31. Qxb5 Qf5 32. Qc5 Qf3 33. Qxf8+ Kxf8 34. Ne3 Bc8 35. d6 Ke8 36. b5 Qf7 37. Rd1 Qb3 38. d7+ Bxd7 39. Rd5 Bh3 40. Rd8+ Ke7 41. g4 Qb1+ 42. Rd1 Qxd1+ 43. Nxd1 Bxg4 44. Ne3 Be6 45. b6 Kd7 46. Kg2 Kc8 47. f3 Kb7 48. fxe4 Kxb6 49. Nc4+ Kxc7 50. Nxe5 Kd6 51. Nd3 Bc4 52. Nb2 Bb5 53. Kf3 Ke5 54. Ke3 g5 55. Nd1 h5 56. Nf2 g4 57. Nh1 Bc6 58. Ng3 Be8 59. Ne2 h4 60. Nf4 1/2-1/2

[Event "48th Indian U15-ch Girls 2023"]
[Site "Jalgaon"]
[Date "2024.01.03"]
[Round "10.6"]
[White "Arshiya Das"]
[Black "Yashvi Jain"]
[Result "0-1"]
[ECO "C47"]
[WhiteElo "1729"]
[BlackElo "1442"]
[Annotator "NA RC"]
[PlyCount "138"]
[EventDate "2023.12.30"]
[EventType "swiss"]
[EventCountry "IND"]
[SourceTitle "playchess.com"]
[Source "ChessBase"]
[SourceQuality "1"]
[TimeControl "5400+30"]

1. e4 e5 2. Nf3 Nc6 3. Nc3 Nf6 4. d4 exd4 5. Nxd4 Bb4 6. Nxc6 bxc6 7. Bd3 d5 8. exd5 cxd5 9. O-O O-O 10. h3 h6 11. Bf4 c6 12. Qf3 Be6 13. Ne2 Bc5 14. Ng3 Re8 15. Rae1 Bd6 16. Be3 Nd7 17. Nh5 Qh4 18. Bf4 Bxf4 19. Nxf4 Nc5 20. Nxe6 Nxe6 21. c3 Rab8 22. b3 Qg5 23. Bb1 Re7 24. Kh1 Rbe8 25. g3 Nc5 26. Rxe7 Rxe7 27. Kg2 Ne4 28. h4 Qe5 29. Re1 f5 30. c4 d4 31. h5 Qa5 32. Rh1 Re5 33. Qd3 c5 34. Qe2 Qc7 35. Re1 Re6 36. Qf3 Qc6 37. Rh1 Re5 38. Re1 Qb7 39. Bc2 Qb4 40. Qe2 Re6 41. Rh1 Ng5 42. Qd1 Qb7+ 43. f3 Re3 44. Rf1 Qf7 45. Bxf5 Qxf5 46. g4 Qd3 47. Qxd3 Rxd3 48. Rf2 Re3 49. f4 Ne4 50. Rb2 d3 51. Kf1 d2 52. Rb1 Nc3 53. Ra1 d1=Q+ 54. Rxd1 Nxd1 55. Kg2 Re2+ 56. Kf1 Rxa2 57. Ke1 Ne3 58. g5 Kf7 59. gxh6 gxh6 60. f5 Kf6 61. b4 cxb4 62. c5 b3 63. c6 b2 64. Ke2 b1=Q+ 65. Kxe3 Qb3+ 66. Kd4 Rd2+ 67. Kc5 Qc3+ 68. Kb5 Rb2+ 69. Ka6 Qa3# 0-1

[Event "48th Indian U15-ch Girls 2023"]
[Site "Jalgaon"]
[Date "2024.01.03"]
[Round "10.7"]
[White "Arya G Mallar"]
[Black "Hanya Shah"]
[Result "0-1"]
[ECO "A47"]
[WhiteElo "1460"]
[BlackElo "1429"]
[Annotator "NA RC"]
[PlyCount "74"]
[EventDate "2023.12.30"]
[EventType "swiss"]
[EventCountry "IND"]
[SourceTitle "playchess.com"]
[Source "ChessBase"]
[SourceQuality "1"]
[TimeControl "5400+30"]

1. Nf3 Nf6 2. b3 e6 3. Bb2 d5 4. e3 Bd6 5. d4 b6 6. Be2 Bb7 7. O-O Nbd7 8. Nbd2 O-O 9. c4 Re8 10. Ne5 Ne4 11. Nxe4 dxe4 12. Nxd7 Qxd7 13. Qc2 Qe7 14. Rac1 c5 15. Rfd1 f5 16. dxc5 bxc5 17. Qc3 Rad8 18. Rd2 Rd7 19. Rcd1 Red8 20. Qc1 e5 21. Qa1 Bc6 22. Bc3 Rf8 23. Qb2 Rf6 24. a3 Rh6 25. b4 f4 26. Bg4 Rb7 27. Rxd6 Rxd6 28. Rxd6 Qxd6 29. Bxe5 Qg6 30. Bc8 f3 31. Bg3 Rb8 32. Ba6 Rd8 33. h3 Rd1+ 34. Kh2 fxg2 35. Kxg2 Qh5 36. Qe5 Qf3+ 37. Kh2 Rh1# 0-1

[Event "48th Indian U15-ch Girls 2023"]
[Site "Jalgaon"]
[Date "2024.01.03"]
[Round "10.8"]
[White "Saparya Ghosh"]
[Black "Lakshanaa R"]
[Result "1-0"]
[ECO "E59"]
[WhiteElo "1662"]
[BlackElo "1386"]
[Annotator "NA RC"]
[PlyCount "97"]
[EventDate "2023.12.30"]
[EventType "swiss"]
[EventCountry "IND"]
[SourceTitle "playchess.com"]
[Source "ChessBase"]
[SourceQuality "1"]
[TimeControl "5400+30"]

1. d4 Nf6 2. c4 e6 3. Nc3 Bb4 4. e3 O-O 5. Bd3 c5 6. Nf3 d5 7. O-O Nc6 8. a3 Bxc3 9. bxc3 dxc4 10. Bxc4 Qc7 11. Qe2 e5 12. d5 Na5 13. e4 Bg4 14. Ba2 h6 15. Rb1 b6 16. h3 Bh5 17. Rb2 Nb7 18. Qe3 Nd6 19. Nd2 Bg6 20. f3 Rfe8 21. Nc4 Rad8 22. Qe1 Nxc4 23. Bxc4 Qd6 24. a4 Rb8 25. Re2 Nd7 26. f4 exf4 27. Bxf4 Ne5 28. Qg3 Re7 29. Bb5 Rd8 30. Kh1 Bh5 31. Ree1 Kh8 32. Qh4 Bg6 33. Bg5 f6 34. Rxf6 gxf6 35. Bxf6+ Kg8 36. Bxe7 Qc7 37. Bxd8 Qf7 38. Rf1 Qh7 39. Qf6 Nf7 40. e5 Qg7 41. e6 Nd6 42. e7 Qxf6 43. Rxf6 Ne8 44. Rxg6+ Kf7 45. Bxe8+ Kxe8 46. Rg8+ Kd7 47. e8=Q+ Kc8 48. Qc6+ Kb8 49. Bxb6# 1-0

[Event "48th Indian U15-ch Girls 2023"]
[Site "Jalgaon"]
[Date "2024.01.03"]
[Round "10.9"]
[White "Drishtee Ghosh"]
[Black "Dhakshniga, T."]
[Result "1-0"]
[ECO "C65"]
[WhiteElo "1605"]
[BlackElo "1416"]
[Annotator "NA RC"]
[PlyCount "131"]
[EventDate "2023.12.30"]
[EventType "swiss"]
[EventCountry "IND"]
[SourceTitle "playchess.com"]
[Source "ChessBase"]
[SourceQuality "1"]
[TimeControl "5400+30"]

1. e4 e5 2. Nf3 Nc6 3. Bb5 Nf6 4. O-O Bc5 5. c3 O-O 6. d4 Bb6 7. Bg5 d6 8. Qe2 Qe7 9. Bxc6 bxc6 10. Nbd2 Bg4 11. dxe5 dxe5 12. h3 Bxf3 13. Nxf3 Qe6 14. Bxf6 Qxf6 15. Ne1 Rfd8 16. Nd3 Rd6 17. Kh1 Rad8 18. Rad1 Qe6 19. b3 f6 20. Nb2 Rxd1 21. Rxd1 Rxd1+ 22. Nxd1 Qd6 23. Kh2 g6 24. g3 Kg7 25. Kg2 Qa3 26. Qc2 Kf7 27. Qd2 Qd6 28. Qe2 Qc5 29. b4 Qd6 30. Nb2 c5 31. Nc4 Qc6 32. b5 Qd7 33. a4 a5 34. Ne3 Kg7 35. Nd5 Kf7 36. Qc4 Kg7 37. f4 Qd6 38. Qe2 Kf7 39. Qc4 Kg7 40. Kf3 Qd7 41. Kg2 Qd6 42. Qe2 Kf7 43. c4 Qe6 44. Qf3 Kg7 45. h4 Kf7 46. h5 exf4 47. gxf4 Kg7 48. hxg6 hxg6 49. Kf2 Kf7 50. Ke3 Kg7 51. Qg3 Kf7 52. Kf3 Qd6 53. Qh3 Kg7 54. Qg4 Kf7 55. f5 gxf5 56. Qxf5 Qe5 57. Qxe5 fxe5 58. Kg4 Kg6 59. Ne7+ Kf7 60. Nc6 Kf6 61. Kh5 Ke6 62. Kg6 Kd6 63. Kf6 Kd7 64. Kxe5 Ke8 65. Kf6 Kd7 66. Kf5 1-0

[Event "48th Indian U15-ch Girls 2023"]
[Site "Jalgaon"]
[Date "2024.01.03"]
[Round "10.10"]
[White "Sahana, Shainsha"]
[Black "Ananya Raman"]
[Result "0-1"]
[ECO "A15"]
[WhiteElo "1300"]
[BlackElo "1505"]
[Annotator "NA RC"]
[PlyCount "74"]
[EventDate "2023.12.30"]
[EventType "swiss"]
[EventCountry "IND"]
[SourceTitle "playchess.com"]
[Source "ChessBase"]
[SourceQuality "1"]
[TimeControl "5400+30"]

1. b4 e5 2. Bb2 d6 3. c4 Nf6 4. e3 g6 5. d3 Bg7 6. Nf3 O-O 7. Be2 Nbd7 8. Nbd2 a5 9. a3 Ne8 10. O-O e4 11. Bxg7 exf3 12. Bxf8 fxe2 13. Qxe2 Nxf8 14. e4 Qf6 15. b5 Ne6 16. Rae1 Nd4 17. Qd1 Qg5 18. Kh1 a4 19. Nb1 Ng7 20. f4 Qc5 21. e5 h5 22. h3 h4 23. Nc3 Nh5 24. Ne4 Qxa3 25. Nf6+ Nxf6 26. exf6 Be6 27. f5 Nxf5 28. Rxf5 Bxf5 29. Qd2 d5 30. Qh6 Qf8 31. Qxh4 a3 32. cxd5 a2 33. Ra1 Bxd3 34. Qg3 Bb1 35. Qxc7 Re8 36. d6 Rc8 37. Qe7 Qh6 0-1

[Event "48th Indian U15-ch Girls 2023"]
[Site "Jalgaon"]
[Date "2024.01.04"]
[Round "11.1"]
[White "Mrittika Mallick"]
[Black "Sachi Jain"]
[Result "1/2-1/2"]
[ECO "C07"]
[WhiteElo "1970"]
[BlackElo "1844"]
[Annotator "RC"]
[PlyCount "95"]
[EventDate "2023.12.30"]
[EventType "swiss"]
[EventCountry "IND"]
[SourceTitle "playchess.com"]
[Source "ChessBase"]
[SourceQuality "1"]
[TimeControl "5400+30"]

1. e4 e6 2. d4 d5 3. Nd2 c5 4. Ngf3 cxd4 5. exd5 Qxd5 6. Bc4 Qd7 7. O-O Nf6 8. Nb3 Nc6 9. Nbxd4 Nxd4 10. Qxd4 Qxd4 11. Nxd4 Bd7 12. Bb5 Bc5 13. Bxd7+ Nxd7 14. Nb3 Bb6 15. a4 a6 16. Bf4 Rc8 17. c3 Nc5 18. Nxc5 Bxc5 19. Rfd1 f6 20. Bd6 Bxd6 21. Rxd6 Ke7 22. Rb6 Rc7 23. Re1 e5 24. f4 Kf7 25. fxe5 Re8 26. e6+ Kg6 27. Rd1 Ree7 28. Kf2 Kf5 29. Rd5+ Ke4 30. Rd8 Ke5 31. Rdd6 Rc4 32. Rd7 Rxe6 33. Rxe6+ Kxe6 34. Rxg7 Rxa4 35. Rxh7 b5 36. b4 a5 37. bxa5 Rxa5 38. Rc7 Ra2+ 39. Kf3 Rb2 40. h4 b4 41. cxb4 Rxb4 42. h5 f5 43. h6 Kf6 44. h7 Rh4 45. Kg3 Rh1 46. Kf4 Rh4+ 47. Kf3 Kg6 48. g3 1/2-1/2

[Event "48th Indian U15-ch Girls 2023"]
[Site "Jalgaon"]
[Date "2024.01.04"]
[Round "11.2"]
[White "Sherali Pattnaik"]
[Black "Sneha Halder"]
[Result "0-1"]
[ECO "B11"]
[WhiteElo "1575"]
[BlackElo "1766"]
[Annotator "NA RC"]
[PlyCount "94"]
[EventDate "2023.12.30"]
[EventType "swiss"]
[EventCountry "IND"]
[SourceTitle "playchess.com"]
[Source "ChessBase"]
[SourceQuality "1"]
[TimeControl "5400+30"]

1. e4 c6 2. Nc3 d5 3. Nf3 d4 4. Ne2 c5 5. c3 dxc3 6. Nxc3 Nc6 7. Bc4 e6 8. O-O Nge7 9. Re1 Ng6 10. e5 Be7 11. b3 O-O 12. Bb2 b6 13. Bf1 Bb7 14. Ne2 Nb4 15. Nc1 Bxf3 16. gxf3 Bg5 17. d3 Bf4 18. Qe2 Qh4 19. h3 Rad8 20. a3 Nc6 21. Qe4 Qg5+ 22. Kh1 Nd4 23. Rd1 Rd5 24. Bxd4 Rxd4 25. Qe2 Bxe5 26. Bg2 Qf4 27. Kg1 Qh2+ 28. Kf1 Nh4 29. f4 Qxg2+ 30. Ke1 Nf3+ 31. Qxf3 Qxf3 32. Ne2 Rxf4 33. Nxf4 Bxa1 34. Rxa1 Qxf4 35. Rd1 Qf3 36. Kd2 Qxh3 37. Kc1 Rd8 38. Kb1 Rxd3 39. Rxd3 Qxd3+ 40. Ka2 h5 41. a4 h4 42. a5 h3 43. axb6 axb6 44. Ka3 h2 45. Ka2 h1=Q 46. f4 Qhb1+ 47. Ka3 Qa1# 0-1